 Dungeon Crawl Stone Soup version 0.30-a0-916-g9813417 (webtiles) character file.

Game seed: 9973107085495555037

280 Think the Slasher (level 6, -2/42 HPs)
             Began as an Octopode Fighter on Mar 20, 2023.
             Slain by an orc wizard
             ... wielding a +0 dagger
              (4 damage)
             ... on level 4 of the Dungeon.
             The game lasted 00:04:05 (2274 turns).

Think the Slasher (Octopode Fighter)                Turns: 2274, Time: 00:04:06

Health: -2/42      AC:  1    Str: 15    XL:     6   Next: 27%
Magic:  6/6        EV: 11    Int:  9    God:
Gold:   133        SH:  5    Dex: 17    Spells: 3/5 levels left

rFire   . . .      SeeInvis .    a - +0 long sword
rCold   . . .      Faith    .    b - +0 buckler
rNeg    . . .      Spirit   .    (helmet restricted)
rPois   .          Reflect  .    (no amulet)
rElec   .          Rampage  .    (no ring)
rCorr   .          Rage     3%   (no ring)
Will    .....                    (no ring)
Stlth   ++++                     (no ring)
HPRegen 0.27/turn                (no ring)
MPRegen 0.10/turn                (no ring)
                                 (no ring)
                                 (no ring)

@: constricted
A: almost no armour, amphibious, 8 rings, camouflage 1, gelatinous body 1,
(nimble swimmer 1), tentacles, agile 1, berserk 1
a: no special abilities


You were on level 4 of the Dungeon.
You visited 1 branch of the dungeon, and saw 4 of its levels.

You collected 133 gold pieces.

Inventory:

Hand Weapons
 a - a +0 long sword (weapon)
Missiles
 s - 2 javelins (quivered)
Armour
 b - a +0 buckler (worn)
Jewellery
 m - a ring of protection from fire
Wands
 p - a wand of flame (20)
Scrolls
 e - a scroll of blinking
 f - a scroll of amnesia
 i - 5 scrolls of teleportation
 j - a scroll of noise
 q - 2 scrolls of identify
 r - a scroll of vulnerability {unknown}
 t - a scroll of brand weapon {unknown}
 u - a scroll of enchant weapon {unknown}
 v - a scroll of immolation {unknown}
Potions
 c - a potion of might
 d - a potion of resistance {unknown}
 g - a potion of ambrosia {unknown}
 h - a potion of heal wounds
 k - a potion of curing {unknown}
 l - a potion of attraction
 n - a potion of flight {unknown}
 o - a potion of mutation


   Skills:
 - Level 3.5 Fighting
 - Level 4.4 Long Blades
 + Level 3.5 Dodging
 - Level 4.3 Stealth
 - Level 3.4 Shields


You had 3 spell levels left.
You knew the following spells:

 Your Spells              Type           Power      Damage    Failure   Level
a - Blink                 Tloc           0%         N/A       63%         2

Your spell library contained the following spells:

 Spells                   Type           Power      Damage    Failure   Level
 Lesser Beckoning         Tloc           0%         N/A       63%         2
 Momentum Strike          Conj/Tloc      0%         3d8       63%         2
 Hailstorm                Conj/Ice       0%         3d3       85%         3
 Ignite Poison            Fire/Tmut/Pois 0%         N/A       85%         3
 Kindle Blastsparks       Fire/Tloc/Air  0%         2d10      85%         3
 Ice Form                 Ice/Tmut       0%         N/A       99%         4
 Freezing Cloud           Conj/Ice/Air   0%         6-21      100%        5
 Simulacrum               Ice/Necr       0%         N/A       100%        6


Dungeon Overview and Level Annotations

Branches:
Dungeon (4/15)             Temple (0/1) D:4

Altars:

Annotations:
D:4 Eustachio


Innate Abilities, Weirdness & Mutations

You cannot wear most types of armour.
You are amphibious.
You can wear up to eight rings at the same time.
Your skin changes colour to match your surroundings (Stealth+).
Your rubbery body absorbs attacks. (AC +1, EV +1)
((You are camouflaged when in or above water. (Stealth+)))
You have tentacles for arms and can constrict up to eight enemies at once.
You are agile. (Dex +4, Str/Int -1)
You sometimes lose your temper in combat.


Message History

Eustachio casts a spell.
Eustachio blinks free!
The ball python bites you. The ball python constricts you.
You escape the ball python's grasp.
The orc wizard attacks as you move away!
The orc wizard closely misses you.
Eustachio mumbles some strange words.
Eustachio blinks!
The orc wizard gestures at you while chanting.
The magic dart hits you!
An orc warrior comes into view. It is wielding a +0 glaive.
The ball python attacks as you move away!
The ball python closely misses you.
The orc wizard hits you with a +0 dagger.
You slash Eustachio! You grab Eustachio. Your squeeze misses Eustachio.
Eustachio is almost dead.
You constrict Eustachio, but do no damage.
Eustachio hits you with a +0 rapier! You block the orc wizard's attack.
The ball python barely misses you. x2
The orc wizard hits you with a +0 dagger.
An orc comes into view. It is wielding a +0 mace.
The orc wizard closely misses you.
Eustachio casts a spell.
The ball python closely misses you. The ball python grabs you.
The ball python constricts you.
* * * LOW HITPOINT WARNING * * *
An orc comes into view. It is wielding a +0 dagger.
The orc shouts!
You hit Eustachio but do no damage.
Eustachio is almost dead.
You constrict Eustachio, but do no damage.
The bat misses you. The bat hits you but does no damage.
The ball python bites you.
* * * LOW HITPOINT WARNING * * *
The ball python constricts you.
* * * LOW HITPOINT WARNING * * *
The river rat bites you.
* * * LOW HITPOINT WARNING * * *
The orc wizard hits you with a +0 dagger.
You die...

#............#
#............#
#.....b......#
#.....?......#
#............#
#...b........#
#?.........#
###...S......#
#...b@o......#
#.#.r@o......##
#..r.o......#
#....<......#
#####.#..o...
#.#o...#.
#.#.##.# #.#.#
.# ..# .


You could see Eustachio, an orc warrior, 2 orc wizards, a river rat (summoned),
2 orcs, a quokka (summoned), a bat (summoned) and a ball python.

Vanquished Creatures
  Sigmund (D:3)
  An iguana (D:3)
  Terence (D:2)
  2 adders (D:2)
  3 dart slugs
  3 bats
  4 endoplasms
  3 giant cockroaches
  4 goblins
  4 hobgoblins
  5 kobolds
  4 quokkas
  A ball python (D:1)
  A frilled lizard (D:1)
  5 rats
42 creatures vanquished.

Notes
Turn   | Place    | Note
-------+----------+-------------------------------------------
     0 | D:1      | Think the Octopode Fighter began the quest for the Orb.
     0 | D:1      | Reached XP level 1. HP: 16/16 MP: 1/1
   453 | D:1      | Reached XP level 2. HP: 21/21 MP: 2/2
   950 | D:2      | Reached XP level 3. HP: 20/26 MP: 3/3
  1014 | D:2      | Noticed Terence
  1017 | D:2      | Reached skill level 1 in Stealth
  1577 | D:2      | Gained mutation: You sometimes lose your temper in combat.
                  | [potion of mutation]
  1577 | D:2      | Gained mutation: You are agile. (Dex +4, Str/Int -1)
                  | [potion of mutation]
  1599 | D:2      | Killed Terence
  1600 | D:2      | Reached XP level 4. HP: 31/31 MP: 4/4
  1800 | D:3      | Learned a level 2 spell: Blink
  1914 | D:3      | Reached XP level 5. HP: 32/36 MP: 5/5
  1962 | D:3      | Noticed Sigmund
  1966 | D:3      | Killed Sigmund
  1967 | D:3      | Reached XP level 6. HP: 31/42 MP: 6/6
  2261 | D:4      | Noticed Eustachio
  2261 | D:4      | Found a staircase to the Ecumenical Temple.
  2271 | D:4      | Noticed an orc warrior
  2274 | D:4      | HP: 2/42 [river rat[Eustachio] (6)]
  2274 | D:4      | Slain by an orc wizard

Illustrated notes

Levels and vault maps discovered:
D:1:      nagdon_arrival_zigzag_paths, layout_loops_corners
D:2:      layout_basic, bh_walls_and_bars, uniq_terence
D:3:      layout_basic, guppyfry_early_lair_pool, uniq_sigmund
D:4:      layout_basic, gammafunk_temple_overflow_wave,
          minmay_temple_entry_butterflies, serial_shops, shop, uniq_eustachio

Skill      XL: |  1  2  3  4  5 |
---------------+----------------+-----
Stealth        | 2 4 |  4.3
Long Blades    | 3 4 |  4.4
Fighting       | |  3.5
Dodging        | |  3.5
Shields        | |  3.4

Action                     |  1- 3 |  4- 6 || total
---------------------------+-------+-------++-------
  Melee: Long sword        |    50 |    22 ||    72
         Constrict         |     9 |     6 ||    15
         Tentacles         |     5 |     5 ||    10
    Use: Scroll            |     4 |       ||     4
         Potion            |     3 |       ||     3
   Stab: Sleeping          |     8 |     2 ||    10
         Distracted        |     2 |       ||     2
 Armour: Skin              |     3 |     2 ||     5
  Dodge: Dodged            |    25 |    14 ||    39
  Block: Buckler           |     6 |     9 ||    15

Table legend: (Time is in decaauts)
 A = Elapsed time spent in this place.
 B = Non-inter-level travel time spent in this place.
 C = Inter-level travel time spent in this place.
 D = Time resting spent in this place.
 E = Time spent auto-exploring this place.
 F = Levels seen in this place.
 G = Mean time per level.
                   A        B        C        D        E       F      G
               +--------+--------+--------+--------+--------+-----+--------+
         Total |   2294 |   2173 |    121 |     95 |   1734 |   4 |  573.5 |
       Dungeon |   2294 |   2173 |    121 |     95 |   1734 |   4 |  573.5 |
               +--------+--------+--------+--------+--------+-----+--------+

Top non-repeatable levels by time:
     D:1: 944 daAuts
     D:2: 680 daAuts
     D:3: 656 daAuts
     D:4: 13 daAuts
